3L
TOLEDO STINGERS @ SEATTLE ROCKETEERS
09/20/2042
 
TOP OF THE 1ST
Toledo Stingers batting - Pitching for Seattle Rocketeers : LHP Andy Williams
Pitching: LHP Andy Williams
Batting: RHB Brook Linen 0-0: Ball
1-0: Fly out, F8 (Flyball, 8RD, EV 88.8 MPH)
Batting: LHB Lester Threlfall 0-0: Ball
1-0: Foul Ball, location: 2F
1-1: SINGLE (Flyball, 89M, EV 96.2 MPH)
Batting: RHB Baldomero Avino 0-0: Ball
1-0: Called Strike
1-1: Swinging Strike
1-2: Foul Ball, location: 2F
1-2: Strikes out swinging
Batting: LHB Matt Dunlap 0-0: Called Strike
0-1: Ball
1-1: Ball
2-1: Ground out 4-3 (Groundball, 4, EV 86.2 MPH)
Top of the 1st over - 0 runs, 1 hit, 0 errors, 1 left on base; Toledo 0 - Seattle 0
BOTTOM OF THE 1ST
Seattle Rocketeers batting - Pitching for Toledo Stingers : RHP Mason Saunders
Pitching: RHP Mason Saunders
Batting: SHB Lodd Felton 0-0: Called Strike
0-1: Swinging Strike
0-2: Strikes out swinging
Batting: RHB Jur Prokop 0-0: Foul Ball, location: 2F
0-1: Ball
1-1: Ball
2-1: Foul Ball, location: 2F
2-2: Strikes out swinging
Batting: RHB Gah-fat Liu 0-0: Swinging Strike
0-1: Ball
1-1: Ball
2-1: Foul Ball, location: 2F
2-2: Ground out 6-3 (Groundball, 6, EV 78.1 MPH)
Bottom of the 1st over - 0 runs, 0 hits, 0 errors, 0 left on base; Toledo 0 - Seattle 0
TOP OF THE 2ND
Toledo Stingers batting - Pitching for Seattle Rocketeers : LHP Andy Williams
Batting: SHB Adam Clements 0-0: Called Strike
0-1: Called Strike
0-2: Strikes out looking
Batting: LHB Pedro Serano 0-0: Called Strike
0-1: Called Strike
0-2: Ball
1-2: Fly out, F6 (Popup, 15S, EV 86.9 MPH)
Batting: RHB Anselmo Berneu 0-0: Called Strike
0-1: Ball
1-1: Ball
2-1: Fly out, F8 (Flyball, 8RD, EV 98.1 MPH)
Top of the 2nd over - 0 runs, 0 hits, 0 errors, 0 left on base; Toledo 0 - Seattle 0
BOTTOM OF THE 2ND
Seattle Rocketeers batting - Pitching for Toledo Stingers : RHP Mason Saunders
Pitching: LHP Ricky McCauley
Batting: RHB Jason Slaybaugh 0-0: Foul Ball, location: 2F
0-1: Swinging Strike
0-2: Ball
1-2: Foul Ball, location: 2F
1-2: Ball
2-2: Ball
3-2: Fly out, F4 (Popup, 4MD, EV 46.2 MPH)
Batting: LHB Manoo Satyavrat 0-0: Called Strike
0-1: Foul Ball, location: 2F
0-2: Strikes out swinging
Batting: RHB Alain Grosjean 0-0: Called Strike
0-1: Called Strike
0-2: Ball
1-2: Foul Ball, location: 2F
1-2: Strikes out swinging passed ball, reaches first!
Batting: LHB Seung-jae Kyong 0-0: Ball
1-0: Ball
2-0: Called Strike
2-1: SINGLE (Line Drive, 7S, EV 110.6 MPH)
Alain Grosjean to second
Batting: RHB Dana O'Quinlevan 0-0: Foul Ball, location: 2F
0-1: Ball
1-1: Called Strike
1-2: Fly out, F4 (Line Drive, 4, EV 71.9 MPH)
Bottom of the 2nd over - 0 runs, 1 hit, 0 errors, 2 left on base; Toledo 0 - Seattle 0
TOP OF THE 3RD
Toledo Stingers batting - Pitching for Seattle Rocketeers : LHP Andy Williams
Batting: RHB Jesse Garrett 0-0: Called Strike
0-1: Ball
1-1: Ball
2-1: Called Strike
2-2: Ball
3-2: Base on Balls
Batting: LHB Grover Barbaran 0-0: Called Strike
0-1: Ball
1-1: SINGLE (Line Drive, 7S, EV 103.1 MPH)
Jesse Garrett to second
Batting: RHB Brook Linen 0-0: Ball
1-0: Called Strike
1-1: Ball
2-1: Ball
3-1: Called Strike
3-2: Foul Ball, location: 2F
3-2: Foul Ball, location: 2F
3-2: Base on Balls
Jesse Garrett to third
Grover Barbaran to second
Batting: LHB Lester Threlfall 0-0: Fly out, F9 (Flyball, 9LM, EV 80.0 MPH)
Runner from 3rd tags up, SCORES, throw by RF
Grover Barbaran to third
Batting: RHB Baldomero Avino 0-0: Ball
1-0: Foul Ball, location: 2F
1-1: SINGLE (Groundball, 34D, EV 101.2 MPH)
Grover Barbaran scores
Brook Linen to second
Runner from 2nd tries for 3rd, SAFE, throw by RF made to third
Batting: LHB Matt Dunlap 0-0: Called Strike
0-1: Ball
1-1: Foul Ball, location: 2F
1-2: Ball
2-2: Ball
3-2: Strikes out swinging
Batting: SHB Adam Clements 0-0: Ball
1-0: Ball
2-0: Ball
3-0: Base on Balls
Baldomero Avino to second
Batting: LHB Pedro Serano 0-0: Ground out 4-3 (Groundball, 4, EV 86.2 MPH)
Top of the 3rd over - 2 runs, 2 hits, 0 errors, 3 left on base; Toledo 2 - Seattle 0
BOTTOM OF THE 3RD
Seattle Rocketeers batting - Pitching for Toledo Stingers : LHP Ricky McCauley
Batting: RHB Yakamochi Ota 0-0: Called Strike
0-1: DOUBLE (Line Drive, 9LS, EV 107.5 MPH)
Batting: SHB Lodd Felton 0-0: Swinging Strike
0-1: Foul Ball, location: 2F
0-2: Ball
1-2: Fly out, F6 (Line Drive, 6, EV 68.1 MPH)
Batting: RHB Jur Prokop 0-0: SINGLE (Line Drive, 4D, EV 104.4 MPH)
Yakamochi Ota to third
Batting: RHB Gah-fat Liu 0-0: Swinging Strike
0-1: Ball
1-1: Ball
2-1: Ball
3-1: Called Strike
3-2: Ground out 6-3 (Groundball, 6, EV 101.2 MPH)
Yakamochi Ota scores
Jur Prokop to second
Batting: RHB Jason Slaybaugh 0-0: Called Strike
0-1: Called Strike
0-2: Ball
1-2: Ball
2-2: Strikes out looking
Bottom of the 3rd over - 1 run, 2 hits, 0 errors, 1 left on base; Toledo 2 - Seattle 1
TOP OF THE 4TH
Toledo Stingers batting - Pitching for Seattle Rocketeers : LHP Andy Williams
Batting: RHB Anselmo Berneu 0-0: Called Strike
0-1: Foul Ball, location: 2F
0-2: Ball
1-2: Ball
2-2: Ball
3-2: Base on Balls
Batting: RHB Jesse Garrett 0-0: Swinging Strike
0-1: Swinging Strike
0-2: Strikes out looking
Batting: LHB Grover Barbaran 0-0: Foul Ball, location: 2F
0-1: Ball
1-1: SINGLE (Line Drive, 34, EV 95.0 MPH)
Anselmo Berneu to second
Batting: RHB Brook Linen 0-0: Ball
1-0: Foul Ball, location: 2F
1-1: Ball
2-1: Ball
3-1: Foul Ball, location: 2F
3-2: Foul Ball, location: 2F
3-2: Base on Balls
Anselmo Berneu to third
Grover Barbaran to second
Batting: LHB Lester Threlfall 0-0: Called Strike
0-1: Grounds into double play, 4-6-3 (Groundball, 4, EV 81.2 MPH)
Top of the 4th over - 0 runs, 1 hit, 0 errors, 2 left on base; Toledo 2 - Seattle 1
BOTTOM OF THE 4TH
Seattle Rocketeers batting - Pitching for Toledo Stingers : LHP Ricky McCauley
Batting: LHB Manoo Satyavrat 0-0: Swinging Strike
0-1: DOUBLE (Line Drive, 89M, EV 101.2 MPH)
Batting: RHB Alain Grosjean 0-0: Ball
1-0: Ball
2-0: Ball
3-0: Fly out, F9 (Flyball, 9LSF, EV 85.6 MPH)
Batting: LHB Seung-jae Kyong 0-0: Swinging Strike
0-1: SINGLE (Flyball, 78S, EV 90.6 MPH)
Manoo Satyavrat to third
Runner from 3rd tries for Home, SAFE, throw by CF to home
Batting: RHB Dana O'Quinlevan 0-0: Ball
1-0: SINGLE (Line Drive, 78S, EV 88.1 MPH)
Seung-jae Kyong to second
Pitching: RHP Stu Riley
Batting: RHB Yakamochi Ota 0-0: Ball
1-0: Called Strike
1-1: Fly out, F4 (Line Drive, 4, EV 65.0 MPH)
Batting: SHB Lodd Felton 0-0: Called Strike
0-1: Foul Ball, location: 2F
0-2: Ball
1-2: Strikes out swinging
Bottom of the 4th over - 1 run, 3 hits, 0 errors, 2 left on base; Toledo 2 - Seattle 2
TOP OF THE 5TH
Toledo Stingers batting - Pitching for Seattle Rocketeers : LHP Andy Williams
Batting: RHB Baldomero Avino 0-0: Ball
1-0: Ball
2-0: Fly out, F8 (Flyball, 8LD, EV 101.2 MPH)
Batting: LHB Matt Dunlap 0-0: Called Strike
0-1: Ball
1-1: Foul Ball, location: 2F
1-2: Fly out, F9 (Flyball, 89S, EV 92.5 MPH)
Batting: SHB Adam Clements 0-0: Ball
1-0: Called Strike
1-1: Called Strike
1-2: Ball
2-2: Foul Ball, location: 2F
2-2: Foul Ball, location: 2F
2-2: Hit by Pitch
Batting: LHB Pedro Serano 0-0: Ball
1-0: Called Strike
1-1: SINGLE (Line Drive, 5D, EV 105.0 MPH)
Adam Clements to second
Batting: RHB Anselmo Berneu 0-0: Called Strike
0-1: SINGLE (Flyball, 9LS, EV 97.5 MPH)
Adam Clements to third
Pedro Serano to second
Runner from 3rd tries for Home, SAFE, throw by RF to home
Batting: RHB Jesse Garrett 0-0: Foul Ball, location: 2F
0-1: Foul Ball, location: 2F
0-2: Foul Ball, location: 2F
0-2: Ball
1-2: Ball
2-2: 3-RUN HOME RUN (Flyball, 89XD, EV 113.1 MPH), Distance : 368 ft
Pitching: LHP Hermenegildo Beliago
Batting: LHB Grover Barbaran 0-0: Called Strike
0-1: Ball
1-1: SINGLE (Line Drive, 4D, EV 98.1 MPH)
Batting: RHB Brook Linen 0-0: Ball
1-0: Ball
2-0: Swinging Strike
2-1: Fly out, F9 (Flyball, 9S, EV 92.5 MPH)
Top of the 5th over - 4 runs, 4 hits, 0 errors, 1 left on base; Toledo 6 - Seattle 2
BOTTOM OF THE 5TH
Seattle Rocketeers batting - Pitching for Toledo Stingers : RHP Stu Riley
Now at 2B: Chet Clifton
Batting: RHB Jur Prokop 0-0: Fly out, F9 (Flyball, 89XD, EV 95.6 MPH)
Batting: RHB Gah-fat Liu 0-0: Ball
1-0: Ball
2-0: Ball
3-0: Base on Balls
Batting: RHB Jason Slaybaugh 0-0: Ball
1-0: Ball
2-0: Called Strike
2-1: Foul Ball, location: 2F
2-2: DOUBLE (Flyball, 89D, EV 109.4 MPH)
Gah-fat Liu to third
Runner from 3rd tries for Home, SAFE, throw by CF to trailing runner, SAFE at third!
Batting: LHB Manoo Satyavrat 0-0: Called Strike
0-1: Ball
1-1: Ball
2-1: Foul Ball, location: 2F
2-2: Foul Ball, location: 2F
2-2: Foul Ball, location: 2F
2-2: Strikes out looking
Batting: RHB Alain Grosjean 0-0: SINGLE (Flyball, 89S, EV 85.6 MPH)
Jason Slaybaugh scores
Batting: LHB Seung-jae Kyong 0-0: Ball
1-0: Fly out, F7 (Flyball, 7S, EV 81.9 MPH)
Bottom of the 5th over - 2 runs, 2 hits, 0 errors, 1 left on base; Toledo 6 - Seattle 4
TOP OF THE 6TH
Toledo Stingers batting - Pitching for Seattle Rocketeers : LHP Hermenegildo Beliago
Batting: LHB Lester Threlfall 0-0: Ball
1-0: Ball
2-0: Ball
3-0: Called Strike
3-1: Swinging Strike
3-2: DOUBLE (Groundball, 3L, EV 100.0 MPH)
Batting: RHB Baldomero Avino 0-0: Ball
1-0: Called Strike
1-1: Ball
2-1: Ball
3-1: Ground out 5-3 (Groundball, 56, EV 88.1 MPH)
Batting: LHB Matt Dunlap 0-0: Called Strike
0-1: Ball
1-1: Foul Ball, location: 2F
1-2: Foul Ball, location: 2F
1-2: Foul Ball, location: 2F
1-2: Fly out, F9 (Flyball, 9, EV 85.0 MPH)
Batting: LHB Chet Clifton 0-0: Swinging Strike
0-1: Ball
1-1: Swinging Strike
1-2: Ball
2-2: Ball
3-2: Strikes out swinging
Top of the 6th over - 0 runs, 1 hit, 0 errors, 1 left on base; Toledo 6 - Seattle 4
BOTTOM OF THE 6TH
Seattle Rocketeers batting - Pitching for Toledo Stingers : RHP Stu Riley
Batting: RHB Dana O'Quinlevan 0-0: Ball
1-0: Ball
2-0: Foul Ball, location: 2F
2-1: Called Strike
2-2: Foul Ball, location: 2F
2-2: Ball
3-2: Fly out, F8 (Flyball, 8LD, EV 80.0 MPH)
Batting: RHB Yakamochi Ota 0-0: Ball
1-0: Ball
2-0: Swinging Strike
2-1: Ball
3-1: Base on Balls
Batting: SHB Lodd Felton 0-0: Foul Ball, location: 2F
0-1: Grounds out, U3 (Groundball, 3L, EV 91.2 MPH)
Batting: RHB Jur Prokop 0-0: Ball
1-0: Called Strike
1-1: Ball
2-1: 2-RUN HOME RUN (Flyball, 7D, EV 88.8 MPH), Distance : 385 ft
Pitching: RHP Ron Manning
Batting: RHB Gah-fat Liu 0-0: Ball
1-0: Foul Ball, location: 2F
1-1: Called Strike
1-2: Fly out, F9 (Flyball, 9S, EV 95.0 MPH)
Bottom of the 6th over - 2 runs, 1 hit, 0 errors, 0 left on base; Toledo 6 - Seattle 6
TOP OF THE 7TH
Toledo Stingers batting - Pitching for Seattle Rocketeers : LHP Hermenegildo Beliago
Batting: LHB Pedro Serano 0-0: Called Strike
0-1: Ball
1-1: Foul Ball, location: 2F
1-2: Ball
2-2: Foul Ball, location: 2F
2-2: Foul Ball, location: 2F
2-2: Foul Ball, location: 2F
2-2: Strikes out looking
Batting: RHB Anselmo Berneu 0-0: Foul Ball, location: 2F
0-1: Ground out 6-3 (Groundball, 6S, EV 81.9 MPH)
Batting: RHB Jesse Garrett 0-0: Ball
1-0: Fly out, F9 (Flyball, 9S, EV 85.6 MPH)
Top of the 7th over - 0 runs, 0 hits, 0 errors, 0 left on base; Toledo 6 - Seattle 6
BOTTOM OF THE 7TH
Seattle Rocketeers batting - Pitching for Toledo Stingers : RHP Ron Manning
Batting: RHB Jason Slaybaugh 0-0: Ball
1-0: SINGLE (Groundball, 34D, EV 103.1 MPH)
Batting: LHB Manoo Satyavrat 0-0: Swinging Strike
0-1: Fly out, F7 (Flyball, 7, EV 83.8 MPH)
Batting: RHB Alain Grosjean 0-0: Ball
1-0: Fly out, F8 (Flyball, 8LD, EV 89.4 MPH)
Batting: LHB Seung-jae Kyong 0-0: Called Strike
0-1: DOUBLE (Line Drive, 3D, EV 108.8 MPH)
Jason Slaybaugh to third
Runner from 3rd tries for Home, SAFE, throw by RF to trailing runner, SAFE at third!
Batting: RHB Dana O'Quinlevan 0-0: Ground out 6-3 (Groundball, 6, EV 110.0 MPH)
Bottom of the 7th over - 1 run, 2 hits, 0 errors, 1 left on base; Toledo 6 - Seattle 7
TOP OF THE 8TH
Toledo Stingers batting - Pitching for Seattle Rocketeers : LHP Hermenegildo Beliago
Batting: LHB Grover Barbaran 0-0: Ball
1-0: Called Strike
1-1: Swinging Strike
1-2: Ground out 5-3 (Groundball, 5S, EV 88.1 MPH)
Batting: RHB Brook Linen 0-0: Ball
1-0: Swinging Strike
1-1: Ball
2-1: Foul Ball, location: 2F
2-2: Ball
3-2: Foul Ball, location: 2F
3-2: Ground out 6-3 (Groundball, 6, EV 86.9 MPH)
Batting: LHB Lester Threlfall 0-0: Swinging Strike
0-1: SINGLE (Flyball, 5D, EV 101.2 MPH)
Pitching: RHP Min-chor Chon
Batting: RHB Baldomero Avino 0-0: Called Strike
0-1: Ball
1-1: Called Strike
1-2: Strikes out looking
Top of the 8th over - 0 runs, 1 hit, 0 errors, 1 left on base; Toledo 6 - Seattle 7
BOTTOM OF THE 8TH
Seattle Rocketeers batting - Pitching for Toledo Stingers : RHP Ron Manning
Batting: RHB Yakamochi Ota 0-0: Fly out, F7 (Flyball, 7S, EV 83.8 MPH)
Batting: SHB Lodd Felton 0-0: Swinging Strike
0-1: Ball
1-1: Ball
2-1: SINGLE (Line Drive, 56, EV 98.1 MPH)
Batting: RHB Jur Prokop 0-0: Ball
1-0: Ball
2-0: Ball
3-0: Base on Balls
Lodd Felton to second
Batting: RHB Gah-fat Liu 0-0: Called Strike
0-1: Foul Ball, location: 2F
0-2: Strikes out swinging
Batting: RHB Jason Slaybaugh 0-0: Foul Ball, location: 2F
0-1: Called Strike
0-2: Foul Ball, location: 2F
0-2: Ball
1-2: Foul Ball, location: 2F
1-2: Strikes out swinging
Bottom of the 8th over - 0 runs, 1 hit, 0 errors, 2 left on base; Toledo 6 - Seattle 7
TOP OF THE 9TH
Toledo Stingers batting - Pitching for Seattle Rocketeers : RHP Min-chor Chon
Pitching: RHP Wu-ti Xuan
Now at 1B: Guy Toussaint
Batting: LHB Matt Dunlap 0-0: SINGLE (Line Drive, 34, EV 99.4 MPH)
Batting: LHB Chet Clifton 0-0: Ball
1-0: Called Strike
1-1: Fielders Choice at 2nd, 6-4 (Groundball, 6M, EV 79.4 MPH)
Batting: LHB Pedro Serano 0-0: Called Strike
0-1: Ball
1-1: SINGLE (Groundball, 3D, EV 98.8 MPH)
Chet Clifton to second
Runner from 2nd tries for 3rd, OUT! 9-5
Batting: RHB Anselmo Berneu 0-0: Fielders Choice at 2nd, 6-4 (Groundball, 6, EV 80.0 MPH)
Top of the 9th over - 0 runs, 2 hits, 0 errors, 1 left on base; Toledo 6 - Seattle 7
Friday, March 26th, 2021 - OOTP Baseball 20.8 Build 74